AoeStats
← TIMVP

Arena

508239018Analyzed
2v2 RM · 11d ago on Sep 21, 2026· 39m 8s· 4 players
Game mode
Random Map
Map size
Medium (4 player)
Population
200
Speed
Normal
Resources
Standard
Victory
Conquest
Starting age
Dark Age
Ending age
Imperial Age
RankedLock teamsTeams togetherTeam positionsShared explorationLock speedFull tech treeHidden civsTurbo modeCheats
Victory
Defeat
🇺🇸 Italians · United States
724
+16
🇩🇪 Romans · Germany
698
+17
🇵🇪 Romans · Peru
724
-17
🇵🇪 Huns · Peru
707
-16
TIMVP
10:30 Feudal Age
10:56 Double-Bit Axe
13:14 Wheelbarrow
20:06 Castle Age
18:49 Scale Mail Armor
19:32 Forging
19:08 Man-at-Arms
21:03 Hand Cart
22:25 Man-at-Arms
23:47 Gold Mining
25:50 Hand Cart
25:11 Long Swordsman
26:12 Chain Mail Armor
27:37 Ballistas
33:00 Imperial Age
33:21 Capped Ram
35:25 Siege Ram
37:05 Heavy Scorpion
38:11 Legionary
39:28 Iron Casting
38:52 Pikeman
A†ilA
9:07 Feudal Age
10:27 Wheelbarrow
10:20 Double-Bit Axe
19:48 Horse Collar
23:17 Castle Age
22:41 Fletching
25:10 Hand Cart
25:58 Heavy Plow
30:56 Padded Archer Armor
30:51 Bodkin Arrow
35:56 Imperial Age
37:33 Husbandry
38:53 Bloodlines
tstien40
0:45 Loom
12:10 Feudal Age
12:33 Horse Collar
19:05 Castle Age
18:47 Double-Bit Axe
20:22 Heavy Plow
27:38 Thumb Ring
26:54 Elite Skirmisher
30:37 Imperial Age
29:09 Fletching
29:19 Padded Archer Armor
30:08 Ballistics
30:30 Wheelbarrow
29:58 Gold Mining
32:04 Conscription
32:48 Chemistry
31:53 Arson
33:57 Crop Rotation
33:47 Hand Cart
34:39 Bodkin Arrow
35:00 Leather Archer Armor
35:07 Bloodlines
35:00 Light Cavalry
37:24 Forging
38:31 Elite Genoese Crossbowman
King Kong
7:10 Loom
9:23 Feudal Age
10:01 Town Watch
11:43 Horse Collar
14:11 Double-Bit Axe
16:28 Forging
16:18 Scale Mail Armor
16:38 Stone Mining
25:06 Castle Age
23:13 Man-at-Arms
25:45 Scale Mail Armor
25:59 Bow Saw
25:22 Long Swordsman
26:02 Squires
27:05 Pikeman
36:32 Imperial Age
36:15 Fletching
Connection lost

Rejoining the realm…

Still unreachable

The connection could not be restored.

Session expired

The server has moved on; the page needs a fresh start.